 Seeded DCSS version 0.25-a0-482-g9b3b753 (webtiles) character file.

Game seed: 8324011069799046347, levelgen mode: deterministic

2392 Faels the Covert (level 9, -1/68 HPs)
             Began as a Vampire Artificer on Feb 9, 2020.
             Was a Believer of Okawaru.
             Slain by a gargoyle
             ... wielding a +0 mace
              (12 damage)
             ... on level 7 of the Dungeon on Feb 10, 2020.
             The game lasted 00:21:31 (6764 turns).

Faels the Covert (Vampire Artificer)                Turns: 6764, Time: 00:21:31

Health: -1/68      AC: 11    Str: 12      XL:     9   Next: 22%
Magic:  9/11       EV: 15    Int: 13 (14) God:    Okawaru [**....]
Gold:   272        SH:  0    Dex: 19      Spells: 8/8 levels left

rFire    . . .     SeeInvis +   s - +1 falchion (elec)
rCold    . . .     Gourm    .   (no shield)
rNeg     . . .     Faith    .   t - +0 ring mail
rPois    .         Spirit   .   (no helmet)
rElec    .         Reflect  .   G - +1 cloak
rCorr    .         Harm     .   (no gloves)
MR       +....                  w - +2 pair of boots
Stlth    +++++.....             q - amulet of regeneration
HPRegen  0.81/turn              k - ring of protection from magic
MPRegen  0.12/turn              D - +3 ring of dexterity

@: heroism, regenerating quickly
A: no food, fangs 3, see invisible, unbreathing
a: Exsanguinate, Heroism, Renounce Religion


You were on level 7 of the Dungeon.
You worshipped Okawaru.
Okawaru was pleased with you.
You were alive.

You visited 2 branches of the dungeon, and saw 8 of its levels.
You also visited: Sewer.

You collected 493 gold pieces.
You spent 221 gold pieces at shops.

Inventory:

Hand Weapons
 n - a +4 rapier of venom
 p - a +0 dagger
 s - a +1 falchion of electrocution (weapon)
 x - a +4 spear of freezing
 y - a +2 whip of freezing
 F - a cursed +5 great sword
 H - a +2 hand axe of distortion
Missiles
 a - 2 silver boomerangs
 B - 7 poisoned darts (quivered)
Armour
 b - a +0 leather armour
 t - a +0 ring mail (worn)
 w - a +2 pair of boots (worn)
 G - a +1 cloak (worn)
 J - a +0 plate armour
Jewellery
 k - a ring of protection from magic (left hand)
 q - an amulet of regeneration (around neck)
 v - an uncursed ring of magical power {unknown}
 D - a +3 ring of dexterity (right hand)
Wands
 c - a wand of flame (15)
 d - a wand of enslavement (15)
 e - a wand of random effects (15)
Scrolls
 i - 5 scrolls of teleportation
 o - a scroll of amnesia
 r - 3 scrolls of remove curse
 A - 4 scrolls of identify
Potions
 f - 3 potions of might
 g - 2 potions of flight
 h - a potion of lignification {unknown}
 j - 4 potions of brilliance {unknown}
 l - 5 potions of curing
 m - 3 potions of heal wounds {unknown}
 u - 3 potions of agility {unknown}
 z - 3 potions of berserk rage {unknown}
 C - a potion of resistance
 E - a potion of magic {unknown}
 I - a potion of mutation {unknown}


   Skills:
 + Level 5.6(10.6) Fighting
 * Level 9.7(14.7) Short Blades
 - Level 2.1(7.1) Dodging
 + Level 9.7(14.7) Stealth
 - Level 2.6 Evocations


You had 8 spell levels left.
You didn't know any spells.
Your spell library was empty.

Dungeon Overview and Level Annotations

Branches:
Dungeon (7/15)             Temple (1/1) D:5           Sewer (visited)

Altars:
Ashenzari
Cheibriados
Dithmenos
Elyvilon
Fedhas
Gozag
Hepliaklqana
Kikubaaqudgha
Makhleb
Nemelex Xobeh
Okawaru
Qazlal
Ru
Sif Muna
Trog
Uskayaw
Vehumet
Wu Jian
Xom
Yredelemnul
Zin
The Shining One

Shops:
D:5 !


Innate Abilities, Weirdness & Mutations

You do not eat.
Your natural rate of healing is unusually fast.
You have razor-sharp teeth.
You have supernaturally acute eyesight. (SInv)
You can survive without breathing.


Message History

You hit the gargoyle but do no damage.
The gargoyle is moderately damaged.
The gargoyle hits you but does no damage.
The howler monkey misses you.
You hit the gargoyle but do no damage.
The gargoyle is moderately damaged.
The howler monkey hits you but does no damage.
The gargoyle hits you with a +0 mace!
* * * LOW HITPOINT WARNING * * *
You hit the gargoyle but do no damage.
The gargoyle is moderately damaged.
The howler monkey hits you but does no damage.
You hit the gargoyle but do no damage.
The gargoyle is moderately damaged.
The gargoyle barely misses you.
The howler monkey hoots and howls with incredible vigour!
You hit the gargoyle but do no damage.
The gargoyle is moderately damaged.
The howler monkey closely misses you. The gargoyle hits you with a +0 mace!
You die...

#+#######.# ##### #..
........#.##....## #..
........#.....#... #..
........#......###.#### ###
8......#.......# ...# ##.
#....#.......# #.###..
.[.#....#.......#####.....#
.8..8...'9h................
...#....#†@.....#.....#####
#....#.......#.###.##..)
8......#.........###....#.
........##.................
........###.............#.#
........# #...............#
#+####### #................
.#..#### #..............##
.... ..# #.†....%.........


You could see a gargoyle and a howler monkey.

Vanquished Creatures
  A hungry ghost (D:7)
  2 orc warriors
  An ice beast (D:6)
  A phantom (D:6)
  An ogre (D:7)
  3 centaurs
  A crocodile (D:7)
  3 big kobolds (Sewer)
  A bullfrog (D:7)
  A wyvern skeleton (D:6)
  2 scorpions (D:6)
  4 killer bees (D:7)
  5 wights (D:6)
  3 howler monkeys
  2 crimson imps
  3 orc wizards
  A centaur skeleton (D:4)
  A gnoll shaman (D:4)
  2 hounds
  2 orc priests
  A worker ant (D:4)
  A hound skeleton (D:5)
  A howler monkey zombie (D:7)
  4 gnolls (D:4)
  6 adders
  A howler monkey skeleton (D:6)
  2 oozes
  3 worms
  2 leopard geckos
  14 orcs
  9 bats
  2 giant cockroaches
  6 goblins (D:1)
  4 hobgoblins
  3 jackals (D:7)
  2 quokkas
  6 ball pythons
  6 frilled lizards
  A jackal zombie (D:6)
  16 kobolds
  A leopard gecko skeleton (D:4)
  12 rats
143 creatures vanquished.

Vanquished Creatures (others)
  A centaur skeleton (D:7)
1 creature vanquished.

Grand Total: 144 creatures vanquished

Notes
Turn   | Place    | Note
-------+----------+-------------------------------------------
     0 | D:1      | Faels the Vampire Artificer began the quest for the Orb.
     0 | D:1      | Reached XP level 1. HP: 14/14 MP: 2/2
    38 | D:1      | Reached skill level 1 in Fighting
   180 | D:1      | Reached XP level 2. HP: 10/21 MP: 4/4
   843 | D:2      | Reached XP level 3. HP: 23/26 MP: 5/5
   946 | D:2      | Reached XP level 4. HP: 17/33 MP: 6/6
  1721 | D:3      | Found a sparkling altar of Nemelex Xobeh.
  2241 | D:3      | Found a glowing drain.
  2253 | Sewer    | Entered a sewer
  2478 | Sewer    | Noticed a big kobold
  2482 | Sewer    | Killed a big kobold
  2482 | Sewer    | Reached XP level 5. HP: 37/39 MP: 7/7
  2565 | Sewer    | Reached XP level 6. HP: 43/46 MP: 8/8
  2617 | Sewer    | Reached skill level 5 in Short Blades
  2617 | Sewer    | Reached skill level 5 in Stealth
  3022 | D:4      | Found a sacrificial altar of Ru.
  3190 | D:4      | Reached XP level 7. HP: 51/52 MP: 9/9
  3263 | D:4      | Found a stormy altar of Qazlal.
  3755 | D:4      | Found a blossoming altar of Fedhas.
  4059 | D:4      | Found a shadowy altar of Dithmenos.
  4097 | D:5      | Entered Level 5 of the Dungeon
  4097 | D:5      | Found Dyno's Distillery.
  4104 | D:5      | Bought a potion of resistance for 130 gold pieces
  4104 | D:5      | Bought a potion of might for 52 gold pieces
  4104 | D:5      | Bought a potion of curing for 39 gold pieces
  4249 | D:5      | Found a hide-covered altar of Uskayaw.
  4516 | D:5      | Found a staircase to the Ecumenical Temple.
  4538 | Temple   | Entered the Ecumenical Temple
  4620 | D:5      | Found a shattered altar of Ashenzari.
  4882 | D:6      | Found an iron altar of Okawaru.
  4908 | D:6      | Became a worshipper of Warmaster Okawaru
  5208 | D:6      | Reached XP level 8. HP: 54/54 MP: 10/10
  5279 | D:6      | Reached * piety under Okawaru
  5348 | D:6      | Found a hazy altar of Hepliaklqana.
  6118 | D:7      | Reached skill level 5 in Fighting
  6459 | D:7      | Reached ** piety under Okawaru
  6459 | D:7      | Reached XP level 9. HP: 32/68 MP: 8/11
  6734 | D:7      | Noticed a gargoyle
  6764 | D:7      | Slain by a gargoyle

Levels and vault maps discovered:
D:1:      lightli_arrival_windingriver, layout_loops_ring
D:2:      layout_loops_ring
D:3:      layout_loops_corners, nemelex_xobeh_ov_fountains_minmay,
          portal_sewer_entry_d, glass_columns_a
D:4:      layout_layer_cave, lemuel_coloured_pillars_altar, fedhas_altar_2,
          nicolae_qazlal_general_emergency, nicolae_ru_great_annihilating_truth
D:5:      layout_gridville, minmay_temple_entry_arrows, first_ration,
          basic_altar, serial_shops, nicolae_shop_waterfront, ashenzari_altar_1
D:6:      layout_loops_corners, lemuel_doored_altar, lemuel_altar_in_water
D:7:      layout_rooms, grunt_ogre_cave, minmay_crystal_water,
          kennysheep_generic_room_2
Temple:   nicolae_temple_x_marks_the_god

Skill      XL: |  1  2  3  4  5  6  7  8 |
---------------+-------------------------+-----
Fighting       | 1 2 3 4 5 |  5.6
Stealth        | 2 3 4 5 7 9 |  9.7
Short Blades   | 2 3 4 5 7 9 |  9.7
Dodging        | |  2.1
Evocations     | |  2.6

Action                   |  1- 3 |  4- 6 |  7- 9 || total
-------------------------+-------+-------+-------++-------
Melee: Short sword       |    77 |       |       ||    77
       Bite              |     3 |    14 |    33 ||    50
       Rapier            |    23 |   152 |   202 ||   377
       Falchion          |       |       |    49 ||    49
Throw: Dart              |       |       |     6 ||     6
       Boomerang         |       |       |     3 ||     3
Invok: Heroism           |       |       |     4 ||     4
 Abil: End Transformatio |       |       |     2 ||     2
       Bat Form          |       |       |     2 ||     2
       Exsanguinate      |       |       |     1 ||     1
       Revivify          |       |       |     1 ||     1
  Use: Scroll            |       |     8 |     2 ||    10
 Stab: Distracted        |     1 |       |       ||     1
       Sleeping          |       |     6 |     9 ||    15
       Paralysed         |       |     1 |       ||     1
Armor: Leather armour    |    35 |       |       ||    35
       Ring mail         |       |    70 |    82 ||   152
Dodge: Dodged            |   103 |   125 |   129 ||   357
       Rpst.: Falchion   |       |       |    12 ||    12

Table legend:
 A = Non-vault XP
 B = Vault XP
 C = Vault XP percentage of total XP
 D = Non-vault monster count
 E = Vault monster count
 F = Vault count percentage of total count
                 A         B        C        D         E       F
            +---------+---------+-------+---------+---------+-------
      Total |    2861 |     557 |  16.3 |     112 |      31 |  21.7
            +---------+---------+-------+---------+---------+-------
        D:1 |      25 |       0 |   0.0 |      15 |       0 |   0.0
        D:2 |     121 |       0 |   0.0 |      26 |       0 |   0.0
        D:3 |       9 |      14 |  60.9 |       6 |       1 |  14.3
        D:4 |     332 |      56 |  14.4 |      17 |       4 |  19.0
        D:5 |     182 |       0 |   0.0 |       5 |       0 |   0.0
        D:6 |    1265 |       0 |   0.0 |      28 |       0 |   0.0
        D:7 |     927 |     173 |  15.7 |      15 |       2 |  11.8
      Sewer |       0 |     314 | 100.0 |       0 |      24 | 100.0
            +---------+---------+-------+---------+---------+-------
